Workbook
Name scenario_num: [1]Scenarios!$I$6

Sheet 0 - Introduction
F4: VOIES NAVIGABLES DE FRANCE
F17: Formulaires financiers
F19: Formulaire financier à lier et adapter à chaque cas et simulations
C20: Le présent fichier EXCEL devra être joint à l'offre.Toutes les formules de calcul nécessaires devront être renseignées et accessibles. Ce fichier devra être en parfaite cohérence avec les éléments et résultats des autres documents de l'offre.
F25: Le candidat soumissionnaire doit remplir les cellules en bleu clair en valeur absolue
F26: Le candidat soumissionnaire peut modifier les cellules d'entêtes de ligne bleu clair
E28: Légende : | F28: [à préciser]

Sheet 1.1 - Activité Portuaire
A1: =UPPER(MID(CELL("filename",A1),FIND("[",CELL("filename",A1))+1,FIND("]",CELL("filename",A1))-FIND("[",CELL("filename",A1))-5)) -> COPIE DE ANNEXE_VNF_CONCESSION.GRAND NARBONNE_FORMULAIRES.FINANCIERS.
A2: =UPPER(MID(CELL("filename",A2),FIND("]",CELL("filename",A2))+1,LEN(CELL("filename",A2)))) -> 1.1 - ACTIVITÉ PORTUAIRE
C5: Candidat soumissionnaire | D5: [à préciser]
C6: Offre | D6: [à préciser]
A8: 1 - Emplacements / Fréquentation
C10: Emplacements - Evolution en nombre
G12: =2027 -> 2027 | H12: =G12+1 -> 2028 | I12: =H12+1 -> 2029 | J12: =I12+1 -> 2030 | K12: =J12+1 -> 2031 | L12: =K12+1 -> 2032 | M12: =L12+1 -> 2033 | N12: =M12+1 -> 2034 | O12: =N12+1 -> 2035 | ... AA12: =Z12+1 -> 2047
C14: Somail - emplacements | D14: =AVERAGE(G14:Q14) -> #DIV/0!
C15: La Robine - emplacements | D15: =AVERAGE(G15:Q15) -> #DIV/0!
C16: St Nazaire d'Aude - emplacements | D16: =AVERAGE(G16:Q16) -> #DIV/0!
C17: Sallèles d'Aude - emplacements | D17: =AVERAGE(G17:Q17) -> #DIV/0!
C18: Ventenac - emplacements | D18: =AVERAGE(G18:Q18) -> #DIV/0!
C19: Narbonne - emplacements | D19: =AVERAGE(G19:Q19) -> #DIV/0!
C20: Port La Nouvelle - emplacements | D20: =AVERAGE(G20:Q20) -> #DIV/0!
C21: Argeliers - emplacements | D21: =AVERAGE(G21:Q21) -> #DIV/0!
C24: Total | D24: =SUM(D14:D21) -> #DIV/0! | G24: =SUM(G14:G21) -> 0 | H24: =SUM(H14:H21) -> 0 | I24: =SUM(I14:I21) -> 0 | J24: =SUM(J14:J21) -> 0 | K24: =SUM(K14:K21) -> 0 | L24: =SUM(L14:L21) -> 0 | M24: =SUM(M14:M21) -> 0 | N24: =SUM(N14:N21) -> 0 | ... AA24: =SUM(AA14:AA21) -> 0
C27: Somail - répartition emplacements par taille | G27: =G$12 -> 2027 | H27: =H$12 -> 2028 | I27: =I$12 -> 2029 | J27: =J$12 -> 2030 | K27: =K$12 -> 2031 | L27: =L$12 -> 2032 | M27: =M$12 -> 2033 | N27: =N$12 -> 2034 | ... AA27: =AA$12 -> 2047
C29: Inférieur à 8 m
C30: Entre 8 et 14m
C31: Entre 14 et 25m
C32: 25m et plus
C34: La Robine - répartition emplacements par taille | G34: =G$12 -> 2027 | H34: =H$12 -> 2028 | I34: =I$12 -> 2029 | J34: =J$12 -> 2030 | K34: =K$12 -> 2031 | L34: =L$12 -> 2032 | M34: =M$12 -> 2033 | N34: =N$12 -> 2034 | ... AA34: =AA$12 -> 2047
C36: Inférieur à 8 m
C37: Entre 8 et 14m
C38: Entre 14 et 25m
C39: 25m et plus
C41: St Nazaire d'Aude - répartition emplacements par taille | G41: =G$12 -> 2027 | H41: =H$12 -> 2028 | I41: =I$12 -> 2029 | J41: =J$12 -> 2030 | K41: =K$12 -> 2031 | L41: =L$12 -> 2032 | M41: =M$12 -> 2033 | N41: =N$12 -> 2034 | ... AA41: =AA$12 -> 2047
C43: Inférieur à 8 m
C44: Entre 8 et 14m
C45: Entre 14 et 25m
C46: 25m et plus
C48: Sallèles d'Aude - répartition emplacements par taille | G48: =G$12 -> 2027 | H48: =H$12 -> 2028 | I48: =I$12 -> 2029 | J48: =J$12 -> 2030 | K48: =K$12 -> 2031 | L48: =L$12 -> 2032 | M48: =M$12 -> 2033 | N48: =N$12 -> 2034 | ... AA48: =AA$12 -> 2047
C50: Inférieur à 8 m
C51: Entre 8 et 14m
C52: Entre 14 et 25m
C53: 25m et plus
C55: Ventenac - répartition emplacements par taille | G55: =G$12 -> 2027 | H55: =H$12 -> 2028 | I55: =I$12 -> 2029 | J55: =J$12 -> 2030 | K55: =K$12 -> 2031 | L55: =L$12 -> 2032 | M55: =M$12 -> 2033 | N55: =N$12 -> 2034 | ... AA55: =AA$12 -> 2047
C57: Inférieur à 8 m
C58: Entre 8 et 14m
C59: Entre 14 et 25m
C60: 25m et plus
C62: Narbonne - répartition emplacements par taille | G62: =G$12 -> 2027 | H62: =H$12 -> 2028 | I62: =I$12 -> 2029 | J62: =J$12 -> 2030 | K62: =K$12 -> 2031 | L62: =L$12 -> 2032 | M62: =M$12 -> 2033 | N62: =N$12 -> 2034 | ... AA62: =AA$12 -> 2047
C64: Inférieur à 8 m
C65: Entre 8 et 14m
C66: Entre 14 et 25m
C67: 25m et plus
C69: Port La Nouvelle - répartition emplacements par taille | G69: =G$12 -> 2027 | H69: =H$12 -> 2028 | I69: =I$12 -> 2029 | J69: =J$12 -> 2030 | K69: =K$12 -> 2031 | L69: =L$12 -> 2032 | M69: =M$12 -> 2033 | N69: =N$12 -> 2034 | ... AA69: =AA$12 -> 2047
C71: Inférieur à 8 m
C72: Entre 8 et 14m
C73: Entre 14 et 25m
C74: 25m et plus
C76: Argeliers - répartition emplacements par taille | G76: =G$12 -> 2027 | H76: =H$12 -> 2028 | I76: =I$12 -> 2029 | J76: =J$12 -> 2030 | K76: =K$12 -> 2031 | L76: =L$12 -> 2032 | M76: =M$12 -> 2033 | N76: =N$12 -> 2034 | ... AA76: =AA$12 -> 2047
C78: Inférieur à 8 m
C79: Entre 8 et 14m
C80: Entre 14 et 25m
C81: 25m et plus
C84: Fréquentation
G86: =2027 -> 2027 | H86: =G86+1 -> 2028 | I86: =H86+1 -> 2029 | J86: =I86+1 -> 2030 | K86: =J86+1 -> 2031 | L86: =K86+1 -> 2032 | M86: =L86+1 -> 2033 | N86: =M86+1 -> 2034 | O86: =N86+1 -> 2035 | ... AA86: =Z86+1 -> 2047
C88: Somail - Abonnements | D88: =AVERAGE(G88:Q88) -> #DIV/0!
C89: La Robine - Abonnements | D89: =AVERAGE(G89:Q89) -> #DIV/0!
C90: St Nazaire d'Aude - Abonnements | D90: =AVERAGE(G90:Q90) -> #DIV/0!
C91: Sallèles d'Aude - Abonnements | D91: =AVERAGE(G91:Q91) -> #DIV/0!
C92: Ventenac - Abonnements | D92: =AVERAGE(G92:Q92) -> #DIV/0!
C93: Narbonne - Abonnements | D93: =AVERAGE(G93:Q93) -> #DIV/0!
C94: Port La Nouvelle - Abonnements | D94: =AVERAGE(G94:Q94) -> #DIV/0!
C95: Argeliers - Abonnements | D95: =AVERAGE(G95:Q95) -> #DIV/0!
C97: Abonnements annuels - Total | D97: =SUM(D87:D93) -> #DIV/0! | G97: =SUM(G88:G95) -> 0 | H97: =SUM(H88:H95) -> 0 | I97: =SUM(I88:I95) -> 0 | J97: =SUM(J88:J95) -> 0 | K97: =SUM(K88:K95) -> 0 | L97: =SUM(L88:L95) -> 0 | M97: =SUM(M88:M95) -> 0 | N97: =SUM(N88:N95) -> 0 | ... AA97: =SUM(AA88:AA95) -> 0
G99: =2027 -> 2027 | H99: =G99+1 -> 2028 | I99: =H99+1 -> 2029 | J99: =I99+1 -> 2030 | K99: =J99+1 -> 2031 | L99: =K99+1 -> 2032 | M99: =L99+1 -> 2033 | N99: =M99+1 -> 2034 | O99: =N99+1 -> 2035 | ... AA99: =Z99+1 -> 2047
C101: Somail - nombre d'escales | D101: =AVERAGE(G101:Q101) -> #DIV/0!
C102: La Robine - nombre d'escales | D102: =AVERAGE(G102:Q102) -> #DIV/0!
C103: St Nazaire d'Aude - nombre d'escales | D103: =AVERAGE(G103:Q103) -> #DIV/0!
C104: Sallèles d'Aude - nombre d'escales | D104: =AVERAGE(G104:Q104) -> #DIV/0!
C105: Ventenac - nombre d'escales | D105: =AVERAGE(G105:Q105) -> #DIV/0!
C106: Narbonne - nombre d'escales | D106: =AVERAGE(G106:Q106) -> #DIV/0!
C107: Port La Nouvelle - nombre d'escales | D107: =AVERAGE(G107:Q107) -> #DIV/0!
C108: Argeliers - nombre d'escales | D108: =AVERAGE(G108:Q108) -> #DIV/0!
C110: Escales - Total | D110: =SUM(D100:D106) -> #DIV/0! | G110: =SUM(G101:G108) -> 0 | H110: =SUM(H101:H108) -> 0 | I110: =SUM(I101:I108) -> 0 | J110: =SUM(J101:J108) -> 0 | K110: =SUM(K101:K108) -> 0 | L110: =SUM(L101:L108) -> 0 | M110: =SUM(M101:M108) -> 0 | N110: =SUM(N101:N108) -> 0 | ... AA110: =SUM(AA101:AA108) -> 0
G112: =2027 -> 2027 | H112: =G112+1 -> 2028 | I112: =H112+1 -> 2029 | J112: =I112+1 -> 2030 | K112: =J112+1 -> 2031 | L112: =K112+1 -> 2032 | M112: =L112+1 -> 2033 | N112: =M112+1 -> 2034 | O112: =N112+1 -> 2035 | ... AA112: =Z112+1 -> 2047
C114: Somail - Hivernages | D114: =AVERAGE(G114:Q114) -> #DIV/0!
C115: La Robine - Hivernages | D115: =AVERAGE(G115:Q115) -> #DIV/0!
C116: St Nazaire d'Aude - Hivernages | D116: =AVERAGE(G116:Q116) -> #DIV/0!
C117: Sallèles d'Aude - Hivernages | D117: =AVERAGE(G117:Q117) -> #DIV/0!
C118: Ventenac - Hivernages | D118: =AVERAGE(G118:Q118) -> #DIV/0!
C119: Narbonne - Hivernages | D119: =AVERAGE(G119:Q119) -> #DIV/0!
C120: Port La Nouvelle - Hivernages | D120: =AVERAGE(G120:Q120) -> #DIV/0!
C121: Argeliers - Hivernages | D121: =AVERAGE(G121:Q121) -> #DIV/0!
C123: Hivernages - Total | D123: =SUM(D113:D119) -> #DIV/0! | G123: =SUM(G114:G121) -> 0 | H123: =SUM(H114:H121) -> 0 | I123: =SUM(I114:I121) -> 0 | J123: =SUM(J114:J121) -> 0 | K123: =SUM(K114:K121) -> 0 | L123: =SUM(L114:L121) -> 0 | M123: =SUM(M114:M121) -> 0 | N123: =SUM(N114:N121) -> 0 | ... AA123: =SUM(AA114:AA121) -> 0
G125: =2027 -> 2027 | H125: =G125+1 -> 2028 | I125: =H125+1 -> 2029 | J125: =I125+1 -> 2030 | K125: =J125+1 -> 2031 | L125: =K125+1 -> 2032 | M125: =L125+1 -> 2033 | N125: =M125+1 -> 2034 | O125: =N125+1 -> 2035 | ... AA125: =Z125+1 -> 2047
C127: Autres [à préciser] | D127: =AVERAGE(G127:Q127) -> #DIV/0!
C128: Autres [à préciser] | D128: =AVERAGE(G128:Q128) -> #DIV/0!
C129: Autres [à préciser] | D129: =AVERAGE(G129:Q129) -> #DIV/0!
C130: Autres [à préciser] | D130: =AVERAGE(G130:Q130) -> #DIV/0!
C131: Autres [à préciser] | D131: =AVERAGE(G131:Q131) -> #DIV/0!
C132: Autres [à préciser] | D132: =AVERAGE(G132:Q132) -> #DIV/0!
C133: Autres [à préciser] | D133: =AVERAGE(G133:Q133) -> #DIV/0!
C135: Autres - Total | D135: =SUM(D126:D132) -> #DIV/0! | G135: =SUM(G127:G133) -> 0 | H135: =SUM(H127:H133) -> 0 | I135: =SUM(I127:I133) -> 0 | J135: =SUM(J127:J133) -> 0 | K135: =SUM(K127:K133) -> 0 | L135: =SUM(L127:L133) -> 0 | M135: =SUM(M127:M133) -> 0 | N135: =SUM(N127:N133) -> 0 | ... AA135: =SUM(AA127:AA133) -> 0
A138: 2 - Tarifs / Zones
C140: Somail | G140: =G$12 -> 2027 | H140: =H$12 -> 2028 | I140: =I$12 -> 2029 | J140: =J$12 -> 2030 | K140: =K$12 -> 2031 | L140: =L$12 -> 2032 | M140: =M$12 -> 2033 | N140: =N$12 -> 2034 | ... AA140: =AA$12 -> 2047
C142: Tarifs moyen annuel | D142: =AVERAGE(G142:Q142) -> #DIV/0!
C143: Tarifs moyen passage | D143: =AVERAGE(G143:Q143) -> #DIV/0!
...

Sheet 1.2 - Activité Domaniale
A1: =UPPER(MID(CELL("filename",A1),FIND("[",CELL("filename",A1))+1,FIND("]",CELL("filename",A1))-FIND("[",CELL("filename",A1))-5)) -> COPIE DE ANNEXE_VNF_CONCESSION.GRAND NARBONNE_FORMULAIRES.FINANCIERS.
A2: =UPPER(MID(CELL("filename",A2),FIND("]",CELL("filename",A2))+1,LEN(CELL("filename",A2)))) -> 1.2 - ACTIVITÉ DOMANIALE
C5: Candidat soumissionnaire | D5: [à préciser]
C6: Offre | D6: [à préciser]
A8: 1.1 | B8: Activité domaniale
C11: Description | D11: Titulaire | E11: Prise d'effet | F11: Fin de contrat | H11: Occupation de terre-plein | J11: Occupation de locaux batis | L11: Occupation de quai | N11: Occupation de Places de parking | P11: Loyer forfaitaire (HT) | Q11: Redevance Variable (HT) | S11: Reconductible O/N | U11: HAUSSE / REVISION TARIFAIRE EVENTUELLE (hors indexation contractuelle / inflation)
H12: Surface (m²) | I12: Prix surfacique en €/m² | J12: Surface (m²) | K12: Prix surfacique en €/m² | L12: Longueur (m) | M12: Prix linéique (€/ml) | N12: Nombre | O12: Prix unitaire (€/Un.) | U12: 2027 | V12: 2028 | W12: 2029 | X12: 2030 | Y12: 2031 | Z12: 2032 | AA12: 2033 | AB12: 2034 | AC12: 2035 | AD12: 2036 | AE12: 2037

Sheet 2 - CEP Global 
A1: =UPPER(MID(CELL("filename",A1),FIND("[",CELL("filename",A1))+1,FIND("]",CELL("filename",A1))-FIND("[",CELL("filename",A1))-5)) -> COPIE DE ANNEXE_VNF_CONCESSION.GRAND NARBONNE_FORMULAIRES.FINANCIERS.
A2: =UPPER(MID(CELL("filename",A2),FIND("]",CELL("filename",A2))+1,LEN(CELL("filename",A2)))) -> 2 - CEP GLOBAL
C5: Candidat soumissionnaire | D5: ='1.1 - Activité Portuaire'!D5 -> [à préciser]
C6: Offre | D6: ='1.1 - Activité Portuaire'!D6 -> [à préciser]
A8: 0. | B8: Hypothèses d'inflation et indexations
C10: Inflation/indexation passage EURO constants vs courants | E10: MOYENNE | G10: 1 | H10: 2 | I10: 3 | J10: 4 | K10: 5 | L10: 6 | M10: 7 | N10: 8 | O10: 9 | P10: 10 | Q10: 11 | R10: 12 | S10: 13 | T10: 14 | U10: 15 | V10: 16 | W10: 17 | X10: 18 | Y10: 19 | Z10: 20 | AA10: 21
G11: 2027 | H11: 2028 | I11: 2029 | J11: 2030 | K11: 2031 | L11: 2032 | M11: 2033 | N11: 2034 | O11: 2035 | P11: 2036 | Q11: 2037 | R11: 2038 | S11: 2039 | T11: 2040 | U11: 2041 | V11: 2042 | W11: 2043 | X11: 2044 | Y11: 2045 | Z11: 2046 | AA11: 2047
C13: Inflation revenus #1 [à préciser] | E13: =AVERAGE(G13:Q13) -> #DIV/0!
C14: Inflation revenus #2 [à préciser] | E14: =AVERAGE(G14:Q14) -> #DIV/0!
C15: Inflation revenus #3 [à préciser] | E15: =AVERAGE(G15:Q15) -> #DIV/0!
C16: Inflation OPEX #1 [à préciser] | E16: =AVERAGE(G16:Q16) -> #DIV/0!
C17: Inflation OPEX #2 [à préciser] | E17: =AVERAGE(G17:Q17) -> #DIV/0!
C18: Inflation OPEX #3 [à préciser] | E18: =AVERAGE(G18:Q18) -> #DIV/0!
C19: Inflation CAPEX #1 [à préciser] | E19: =AVERAGE(G19:Q19) -> #DIV/0!
C20: Inflation CAPEX #2 [à préciser] | E20: =AVERAGE(G20:Q20) -> #DIV/0!
C21: Inflation CAPEX #3 [à préciser] | E21: =AVERAGE(G21:Q21) -> #DIV/0!
A24: 1. | B24: Compte d'Exploitation Prévisionnel (CEP) - en EURO courants
C28: en EURO(€) courants | E28: TOTAL | G28: 1 | H28: 2 | I28: 3 | J28: 4 | K28: 5 | L28: 6 | M28: 7 | N28: 8 | O28: 9 | P28: 10 | Q28: 11 | R28: 12 | S28: 13 | T28: 14 | U28: 15 | V28: 16 | W28: 17 | X28: 18 | Y28: 19 | Z28: 20 | AA28: 21
G29: 2027 | H29: 2028 | I29: 2029 | J29: 2030 | K29: 2031 | L29: 2032 | M29: 2033 | N29: 2034 | O29: 2035 | P29: 2036 | Q29: 2037 | R29: 2038 | S29: 2039 | T29: 2040 | U29: 2041 | V29: 2042 | W29: 2043 | X29: 2044 | Y29: 2045 | Z29: 2046 | AA29: 2047
C31: Redevances portuaires | E31: =SUM(G31:Q31) -> 0
C32: Revenus domaniaux #1 [à préciser] | E32: =SUM(G32:Q32) -> 0
C33: Revenus domaniaux #2 [à préciser] | E33: =SUM(G33:Q33) -> 0
C34: Revenus domaniaux #3 [à préciser] | E34: =SUM(G34:Q34) -> 0
C35: Revenus domaniaux #4 [à préciser] | E35: =SUM(G35:Q35) -> 0
C36: Revenus domaniaux #5 [à préciser] | E36: =SUM(G36:Q36) -> 0
C37: Revenus domaniaux #6 [à préciser] | E37: =SUM(G37:Q37) -> 0
C38: Revenus domaniaux #7 [à préciser] | E38: =SUM(G38:Q38) -> 0
C39: Autres activités #1 [à préciser] | E39: =SUM(G39:Q39) -> 0
C40: Autres activités #2 [à préciser] | E40: =SUM(G40:Q40) -> 0
C41: Autres activités #3 [à préciser] | E41: =SUM(G41:Q41) -> 0
C42: Autres activités #4 [à préciser] | E42: =SUM(G42:Q42) -> 0
C43: Autres activités #5 [à préciser] | E43: =SUM(G43:Q43) -> 0
C44: CHIFFRE D'AFFAIRES | E44: =SUM(G44:Q44) -> 0 | G44: =SUM(G31:G43) -> 0 | H44: =SUM(H31:H43) -> 0 | I44: =SUM(I31:I43) -> 0 | J44: =SUM(J31:J43) -> 0 | K44: =SUM(K31:K43) -> 0 | L44: =SUM(L31:L43) -> 0 | M44: =SUM(M31:M43) -> 0 | N44: =SUM(N31:N43) -> 0 | ... AA44: =SUM(AA31:AA43) -> 0
C45: Subvention d'exploitation | E45: =SUM(G45:Q45) -> 0
C46: PRODUITS D'EXPLOITATION | E46: =SUM(G46:Q46) -> 0 | G46: =G44+G45 -> 0 | H46: =H44+H45 -> 0 | I46: =I44+I45 -> 0 | J46: =J44+J45 -> 0 | K46: =K44+K45 -> 0 | L46: =L44+L45 -> 0 | M46: =M44+M45 -> 0 | N46: =N44+N45 -> 0 | ... AA46: =AA44+AA45 -> 0
C47: Achats stockés (dont carburant) | E47: =SUM(G47:Q47) -> 0
C48: Achats d'études et prestations de services | E48: =SUM(G48:Q48) -> 0
C49: Achats de matériel, équipements et travaux | E49: =SUM(G49:Q49) -> 0
C50: Achats de fournitures administratives | E50: =SUM(G50:Q50) -> 0
C51: Autres achats non stockés | E51: =SUM(G51:Q51) -> 0
C52: Achats de marchandises | E52: =SUM(G52:Q52) -> 0
C53: Achats d'approvisionnement & consommables | E53: =SUM(G53:Q53) -> 0 | G53: =SUM(G47:G52) -> 0 | H53: =SUM(H47:H52) -> 0 | I53: =SUM(I47:I52) -> 0 | J53: =SUM(J47:J52) -> 0 | K53: =SUM(K47:K52) -> 0 | L53: =SUM(L47:L52) -> 0 | M53: =SUM(M47:M52) -> 0 | N53: =SUM(N47:N52) -> 0 | ... AA53: =SUM(AA47:AA52) -> 0
C54: Sous-traitance générale | E54: =SUM(G54:Q54) -> 0
C55: Locations et crédit-bail | E55: =SUM(G55:Q55) -> 0
C56: Entretien/Maintenance préventive et curative | E56: =SUM(G56:Q56) -> 0
C57: Gros Entretien et Renouvellement (GER) | E57: =SUM(G57:Q57) -> 0
C58: Primes d'assurances | E58: =SUM(G58:Q58) -> 0
C59: Études de recherches | E59: =SUM(G59:Q59) -> 0
C60: Personnel mis à disposition | E60: =SUM(G60:Q60) -> 0
C61: Frais de siège | E61: =SUM(G61:Q61) -> 0
C62: Rémunérations d'intérimaires | E62: =SUM(G62:Q62) -> 0
C63: Honoraires | E63: =SUM(G63:Q63) -> 0
C64: Publicité, publications relations publiques | E64: =SUM(G64:Q64) -> 0
C65: Déplacements , missions et réceptions | E65: =SUM(G65:Q65) -> 0
... C68: Divers | E68: =SUM(G68:Q68) -> 0
C69: Achats & autres achats et charges externes | E69: =SUM(G69:Q69) -> 0 | G69: =SUM(G54:G68) -> 0 | H69: =SUM(H54:H68) -> 0 | I69: =SUM(I54:I68) -> 0 | J69: =SUM(J54:J68) -> 0 | K69: =SUM(K54:K68) -> 0 | L69: =SUM(L54:L68) -> 0 | M69: =SUM(M54:M68) -> 0 | N69: =SUM(N54:N68) -> 0 | ... AA69: =SUM(AA54:AA68) -> 0
C70: Impôts et taxes #1 [à préciser] | E70: =SUM(G70:Q70) -> 0
C71: Impôts et taxes #2 [à préciser] | E71: =SUM(G71:Q71) -> 0
C72: Impôts et taxes #3 [à préciser] | E72: =SUM(G72:Q72) -> 0
C73: Impôts et taxes #4 [à préciser] | E73: =SUM(G73:Q73) -> 0
C74: Impôts et taxes #5 [à préciser] | E74: =SUM(G74:Q74) -> 0
C75: Impôts et taxes #6 [à préciser] | E75: =SUM(G75:Q75) -> 0
C76: Impôts et Taxes | E76: =SUM(G76:Q76) -> 0 | G76: =SUM(G70:G75) -> 0 | H76: =SUM(H70:H75) -> 0 | I76: =SUM(I70:I75) -> 0 | J76: =SUM(J70:J75) -> 0 | K76: =SUM(K70:K75) -> 0 | L76: =SUM(L70:L75) -> 0 | M76: =SUM(M70:M75) -> 0 | N76: =SUM(N70:N75) -> 0 | ... AA76: =SUM(AA70:AA75) -> 0
C77: Rémunération Brute non chargée - Ouvrier | E77: =SUM(G77:Q77) -> 0
C78: Rémunération Brute non chargée - ETAM | E78: =SUM(G78:Q78) -> 0
C79: Rémunération Brute non chargée - Cadre | E79: =SUM(G79:Q79) -> 0
C80: Charges sociales sur rémunérations | E80: =SUM(G80:Q80) -> 0
C81: Autres charges de personnel brutes | E81: =SUM(G81:Q81) -> 0
C82: Autres charges sociales | E82: =SUM(G82:Q82) -> 0
C83: Personnel | E83: =SUM(G83:Q83) -> 0 | G83: =SUM(G77:G82) -> 0 | H83: =SUM(H77:H82) -> 0 | I83: =SUM(I77:I82) -> 0 | J83: =SUM(J77:J82) -> 0 | K83: =SUM(K77:K82) -> 0 | L83: =SUM(L77:L82) -> 0 | M83: =SUM(M77:M82) -> 0 | N83: =SUM(N77:N82) -> 0 | ... AA83: =SUM(AA77:AA82) -> 0
C84: EXCEDENT BRUT D'EXPLOITATION | E84: =SUM(G84:Q84) -> 0 | G84: =G44+G45-SUM(G53,G69,G76,G83) -> 0 | H84: =H44+H45-SUM(H53,H69,H76,H83) -> 0 | I84: =I44+I45-SUM(I53,I69,I76,I83) -> 0 | J84: =J44+J45-SUM(J53,J69,J76,J83) -> 0 | K84: =K44+K45-SUM(K53,K69,K76,K83) -> 0 | L84: =L44+L45-SUM(L53,L69,L76,L83) -> 0 | M84: =M44+M45-SUM(M53,M69,M76,M83) -> 0 | N84: =N44+N45-SUM(N53,N69,N76,N83) -> 0 | ... AA84: =AA44+AA45-SUM(AA53,AA69,AA76,AA83) -> 0
C85: Redevance VNF - Part fixe | E85: =SUM(G85:Q85) -> 0
C86: Redevance VNF - Part variable | E86: =SUM(G86:Q86) -> 0
C87: Dotations aux amortissements techniques sur immobilisations | E87: =SUM(G87:Q87) -> 0
C88: Dotations aux amortissements de caducité sur immobilisations | E88: =SUM(G88:Q88) -> 0
C89: Dotations sur provisions d'exploitation - GER | E89: =SUM(G89:Q89) -> 0
C90: Dotations sur provisions d'exploitation - Autres | E90: =SUM(G90:Q90) -> 0
C91: Quote part de subventions d'investissement virée au résultat | E91: =SUM(G91:Q91) -> 0
C92: Reprises de provisions d'exploitation | E92: =SUM(G92:Q92) -> 0
C93: RESULTAT D'EXPLOITATION | E93: =SUM(G93:Q93) -> 0 | G93: =G84-SUM(G85:G90)+SUM(G91:G92) -> 0 | H93: =H84-SUM(H85:H90)+SUM(H91:H92) -> 0 | I93: =I84-SUM(I85:I90)+SUM(I91:I92) -> 0 | J93: =J84-SUM(J85:J90)+SUM(J91:J92) -> 0 | K93: =K84-SUM(K85:K90)+SUM(K91:K92) -> 0 | L93: =L84-SUM(L85:L90)+SUM(L91:L92) -> 0 | M93: =M84-SUM(M85:M90)+SUM(M91:M92) -> 0 | N93: =N84-SUM(N85:N90)+SUM(N91:N92) -> 0 | ... AA93: =AA84-SUM(AA85:AA90)+SUM(AA91:AA92) -> 0
C94: Produits financiers | E94: =SUM(G94:Q94) -> 0
C95: Charges financières | E95: =SUM(G95:Q95) -> 0
C96: RESULTAT COURANT AVANT IMPOT | E96: =SUM(G96:Q96) -> 0 | G96: =G93+G94-G95 -> 0 | H96: =H93+H94-H95 -> 0 | I96: =I93+I94-I95 -> 0 | J96: =J93+J94-J95 -> 0 | K96: =K93+K94-K95 -> 0 | L96: =L93+L94-L95 -> 0 | M96: =M93+M94-M95 -> 0 | N96: =N93+N94-N95 -> 0 | ... AA96: =AA93+AA94-AA95 -> 0
C97: Produits exceptionnels sur opérations en capital | E97: =SUM(G97:Q97) -> 0
C98: Charges exceptionnelles sur opérations en capital | E98: =SUM(G98:Q98) -> 0
C99: Résultat exceptionnel | E99: =SUM(G99:Q99) -> 0 | G99: =G97-G98 -> 0 | H99: =H97-H98 -> 0 | I99: =I97-I98 -> 0 | J99: =J97-J98 -> 0 | K99: =K97-K98 -> 0 | L99: =L97-L98 -> 0 | M99: =M97-M98 -> 0 | N99: =N97-N98 -> 0 | ... AA99: =AA97-AA98 -> 0
C100: Participation des salariés aux résultats | E100: =SUM(G100:Q100) -> 0
C101: Impôts sur les bénéfices | E101: =SUM(G101:Q101) -> 0
C102: BENEFICE ou PERTE | E102: =SUM(G102:Q102) -> 0 | G102: =G96+G99-G100-G101 -> 0 | H102: =H96+H99-H100-H101 -> 0 | I102: =I96+I99-I100-I101 -> 0 | J102: =J96+J99-J100-J101 -> 0 | K102: =K96+K99-K100-K101 -> 0 | L102: =L96+L99-L100-L101 -> 0 | M102: =M96+M99-M100-M101 -> 0 | N102: =N96+N99-N100-N101 -> 0 | ... AA102: =AA96+AA99-AA100-AA101 -> 0
A105: 2. | B105: Tableau Emplois / Ressources
C107: en EURO(€) courants | E107: TOTAL | G107: 1 | H107: 2 | I107: 3 | J107: 4 | K107: 5 | L107: 6 | M107: 7 | N107: 8 | O107: 9 | P107: 10 | Q107: 11 | R107: 12 | S107: 13 | T107: 14 | U107: 15 | V107: 16 | W107: 17 | X107: 18 | Y107: 19 | Z107: 20 | AA107: 21
G108: 2027 | H108: 2028 | I108: 2029 | J108: 2030 | K108: 2031 | L108: 2032 | M108: 2033 | N108: 2034 | O108: 2035 | P108: 2036 | Q108: 2037 | R108: 2038 | S108: 2039 | T108: 2040 | U108: 2041 | V108: 2042 | W108: 2043 | X108: 2044 | Y108: 2045 | Z108: 2046 | AA108: 2047
C110: EMPLOIS | E110: =SUM(G110:Q110) -> 0 | G110: =SUM(G111:G129) -> 0 | H110: =SUM(H111:H129) -> 0 | I110: =SUM(I111:I129) -> 0 | J110: =SUM(J111:J129) -> 0 | K110: =SUM(K111:K129) -> 0 | L110: =SUM(L111:L129) -> 0 | M110: =SUM(M111:M129) -> 0 | N110: =SUM(N111:N129) -> 0 | ... AA110: =SUM(AA111:AA129) -> 0
C111: Coûts d'investissements | E111: =SUM(G111:Q111) -> 0
C112: Frais financiers - Commissions d'arrangement | E112: =SUM(G112:Q112) -> 0
C113: Frais financiers - Commissions d'engagement | E113: =SUM(G113:Q113) -> 0
C114: Frais financiers - Frais d'agent & garanties des prêteurs | E114: =SUM(G114:Q114) -> 0
C115: Frais financiers Intérêts financiers | E115: =SUM(G115:Q115) -> 0
C116: Compte de réserve | E116: =SUM(G116:Q116) -> 0
C117: Remboursement Crédit relais fonds propres | E117: =SUM(G117:Q117) -> 0
...

Sheet 3.1 - PPI € constants
A1: =UPPER(MID(CELL("filename",A1),FIND("[",CELL("filename",A1))+1,FIND("]",CELL("filename",A1))-FIND("[",CELL("filename",A1))-5)) -> COPIE DE ANNEXE_VNF_CONCESSION.GRAND NARBONNE_FORMULAIRES.FINANCIERS.
A2: =UPPER(MID(CELL("filename",A2),FIND("]",CELL("filename",A2))+1,LEN(CELL("filename",A2)))) -> 3.1 - PPI € CONSTANTS
C5: Candidat soumissionnaire | D5: ='2 - CEP Global '!D5 -> [à préciser]
C6: Offre | D6: ='2 - CEP Global '!D6 -> [à préciser]
A8: 1. | B8: Plan Pluriannuel d'Investissements - EURO constants
C10: Site | D10: Libellé | E10: Infrastructure / Superstructure / Outillage | F10: Initial / Renouvellement | G10: Description de l'immobilisation | H10: Année d'investissement | I10: Date de mise en service | J10: Valeur d'acquisition € constants | K10: Renouvelable O/N | L10: Amortissable O/N | M10: Mode d'amortissement | N10: Durée d'amortissement | O10: Taux de subvention

Sheet 3.2 - PPI € courants
A1: =UPPER(MID(CELL("filename",A1),FIND("[",CELL("filename",A1))+1,FIND("]",CELL("filename",A1))-FIND("[",CELL("filename",A1))-5)) -> COPIE DE ANNEXE_VNF_CONCESSION.GRAND NARBONNE_FORMULAIRES.FINANCIERS.
A2: =UPPER(MID(CELL("filename",A2),FIND("]",CELL("filename",A2))+1,LEN(CELL("filename",A2)))) -> 3.2 - PPI € COURANTS
C5: Candidat soumissionnaire | D5: ='3.1 - PPI € constants'!D5 -> [à préciser]
C6: Offre | D6: ='3.1 - PPI € constants'!D6 -> [à préciser]
A8: 1. | B8: Plan Pluriannuel d'Investissements - EURO courants
C10: Site | D10: Libellé | E10: Infrastructure / Superstructure / Outillage | F10: Initial / Renouvellement | G10: Description de l'immobilisation | H10: Année d'investissement | I10: Date de mise en service | J10: Valeur d'acquisition € courants | K10: Renouvelable O/N | L10: Amortissable O/N | M10: Mode d'amortissement | N10: Durée d'amortissement | O10: Taux de subvention
C11: ='3.1 - PPI € constants'!C11 -> 0 | D11: ='3.1 - PPI € constants'!D11 -> 0 | E11: ='3.1 - PPI € constants'!E11 -> 0 | F11: ='3.1 - PPI € constants'!F11 -> 0 | G11: ='3.1 - PPI € constants'!G11 -> 0 | H11: ='3.1 - PPI € constants'!H11 -> 0 | I11: ='3.1 - PPI € constants'!I11 -> 0 | K11: ='3.1 - PPI € constants'!K11 -> 0 | L11: ='3.1 - PPI € constants'!L11 -> 0 | M11: ='3.1 - PPI € constants'!M11 -> 0 | N11: ='3.1 - PPI € constants'!N11 -> 0 | O11: ='3.1 - PPI € constants'!O11 -> 0
C12: ='3.1 - PPI € constants'!C12 -> 0 | D12: ='3.1 - PPI € constants'!D12 -> 0 | E12: ='3.1 - PPI € constants'!E12 -> 0 | F12: ='3.1 - PPI € constants'!F12 -> 0 | G12: ='3.1 - PPI € constants'!G12 -> 0 | H12: ='3.1 - PPI € constants'!H12 -> 0 | I12: ='3.1 - PPI € constants'!I12 -> 0 | K12: ='3.1 - PPI € constants'!K12 -> 0 | L12: ='3.1 - PPI € constants'!L12 -> 0 | M12: ='3.1 - PPI € constants'!M12 -> 0 | N12: ='3.1 - PPI € constants'!N12 -> 0 | O12: ='3.1 - PPI € constants'!O12 -> 0
C13: ='3.1 - PPI € constants'!C13 -> 0 | D13: ='3.1 - PPI € constants'!D13 -> 0 | E13: ='3.1 - PPI € constants'!E13 -> 0 | F13: ='3.1 - PPI € constants'!F13 -> 0 | G13: ='3.1 - PPI € constants'!G13 -> 0 | H13: ='3.1 - PPI € constants'!H13 -> 0 | I13: ='3.1 - PPI € constants'!I13 -> 0 | K13: ='3.1 - PPI € constants'!K13 -> 0 | L13: ='3.1 - PPI € constants'!L13 -> 0 | M13: ='3.1 - PPI € constants'!M13 -> 0 | N13: ='3.1 - PPI € constants'!N13 -> 0 | O13: ='3.1 - PPI € constants'!O13 -> 0
C14: ='3.1 - PPI € constants'!C14 -> 0 | D14: ='3.1 - PPI € constants'!D14 -> 0 | E14: ='3.1 - PPI € constants'!E14 -> 0 | F14: ='3.1 - PPI € constants'!F14 -> 0 | G14: ='3.1 - PPI € constants'!G14 -> 0 | H14: ='3.1 - PPI € constants'!H14 -> 0 | I14: ='3.1 - PPI € constants'!I14 -> 0 | K14: ='3.1 - PPI € constants'!K14 -> 0 | L14: ='3.1 - PPI € constants'!L14 -> 0 | M14: ='3.1 - PPI € constants'!M14 -> 0 | N14: ='3.1 - PPI € constants'!N14 -> 0 | O14: ='3.1 - PPI € constants'!O14 -> 0
C15: ='3.1 - PPI € constants'!C15 -> 0 | D15: ='3.1 - PPI € constants'!D15 -> 0 | E15: ='3.1 - PPI € constants'!E15 -> 0 | F15: ='3.1 - PPI € constants'!F15 -> 0 | G15: ='3.1 - PPI € constants'!G15 -> 0 | H15: ='3.1 - PPI € constants'!H15 -> 0 | I15: ='3.1 - PPI € constants'!I15 -> 0 | K15: ='3.1 - PPI € constants'!K15 -> 0 | L15: ='3.1 - PPI € constants'!L15 -> 0 | M15: ='3.1 - PPI € constants'!M15 -> 0 | N15: ='3.1 - PPI € constants'!N15 -> 0 | O15: ='3.1 - PPI € constants'!O15 -> 0
C16: ='3.1 - PPI € constants'!C16 -> 0 | D16: ='3.1 - PPI € constants'!D16 -> 0 | E16: ='3.1 - PPI € constants'!E16 -> 0 | F16: ='3.1 - PPI € constants'!F16 -> 0 | G16: ='3.1 - PPI € constants'!G16 -> 0 | H16: ='3.1 - PPI € constants'!H16 -> 0 | I16: ='3.1 - PPI € constants'!I16 -> 0 | K16: ='3.1 - PPI € constants'!K16 -> 0 | L16: ='3.1 - PPI € constants'!L16 -> 0 | M16: ='3.1 - PPI € constants'!M16 -> 0 | N16: ='3.1 - PPI € constants'!N16 -> 0 | O16: ='3.1 - PPI € constants'!O16 -> 0
C17: ='3.1 - PPI € constants'!C17 -> 0 | D17: ='3.1 - PPI € constants'!D17 -> 0 | E17: ='3.1 - PPI € constants'!E17 -> 0 | F17: ='3.1 - PPI € constants'!F17 -> 0 | G17: ='3.1 - PPI € constants'!G17 -> 0 | H17: ='3.1 - PPI € constants'!H17 -> 0 | I17: ='3.1 - PPI € constants'!I17 -> 0 | K17: ='3.1 - PPI € constants'!K17 -> 0 | L17: ='3.1 - PPI € constants'!L17 -> 0 | M17: ='3.1 - PPI € constants'!M17 -> 0 | N17: ='3.1 - PPI € constants'!N17 -> 0 | O17: ='3.1 - PPI € constants'!O17 -> 0
C18: ='3.1 - PPI € constants'!C18 -> 0 | D18: ='3.1 - PPI € constants'!D18 -> 0 | E18: ='3.1 - PPI € constants'!E18 -> 0 | F18: ='3.1 - PPI € constants'!F18 -> 0 | G18: ='3.1 - PPI € constants'!G18 -> 0 | H18: ='3.1 - PPI € constants'!H18 -> 0 | I18: ='3.1 - PPI € constants'!I18 -> 0 | K18: ='3.1 - PPI € constants'!K18 -> 0 | L18: ='3.1 - PPI € constants'!L18 -> 0 | M18: ='3.1 - PPI € constants'!M18 -> 0 | N18: ='3.1 - PPI € constants'!N18 -> 0 | O18: ='3.1 - PPI € constants'!O18 -> 0
C19: ='3.1 - PPI € constants'!C19 -> 0 | D19: ='3.1 - PPI € constants'!D19 -> 0 | E19: ='3.1 - PPI € constants'!E19 -> 0 | F19: ='3.1 - PPI € constants'!F19 -> 0 | G19: ='3.1 - PPI € constants'!G19 -> 0 | H19: ='3.1 - PPI € constants'!H19 -> 0 | I19: ='3.1 - PPI € constants'!I19 -> 0 | K19: ='3.1 - PPI € constants'!K19 -> 0 | L19: ='3.1 - PPI € constants'!L19 -> 0 | M19: ='3.1 - PPI € constants'!M19 -> 0 | N19: ='3.1 - PPI € constants'!N19 -> 0 | O19: ='3.1 - PPI € constants'!O19 -> 0
C20: ='3.1 - PPI € constants'!C20 -> 0 | D20: ='3.1 - PPI € constants'!D20 -> 0 | E20: ='3.1 - PPI € constants'!E20 -> 0 | F20: ='3.1 - PPI € constants'!F20 -> 0 | G20: ='3.1 - PPI € constants'!G20 -> 0 | H20: ='3.1 - PPI € constants'!H20 -> 0 | I20: ='3.1 - PPI € constants'!I20 -> 0 | K20: ='3.1 - PPI € constants'!K20 -> 0 | L20: ='3.1 - PPI € constants'!L20 -> 0 | M20: ='3.1 - PPI € constants'!M20 -> 0 | N20: ='3.1 - PPI € constants'!N20 -> 0 | O20: ='3.1 - PPI € constants'!O20 -> 0
C21: ='3.1 - PPI € constants'!C21 -> 0 | D21: ='3.1 - PPI € constants'!D21 -> 0 | E21: ='3.1 - PPI € constants'!E21 -> 0 | F21: ='3.1 - PPI € constants'!F21 -> 0 | G21: ='3.1 - PPI € constants'!G21 -> 0 | H21: ='3.1 - PPI € constants'!H21 -> 0 | I21: ='3.1 - PPI € constants'!I21 -> 0 | K21: ='3.1 - PPI € constants'!K21 -> 0 | L21: ='3.1 - PPI € constants'!L21 -> 0 | M21: ='3.1 - PPI € constants'!M21 -> 0 | N21: ='3.1 - PPI € constants'!N21 -> 0 | O21: ='3.1 - PPI € constants'!O21 -> 0
C22: ='3.1 - PPI € constants'!C22 -> 0 | D22: ='3.1 - PPI € constants'!D22 -> 0 | E22: ='3.1 - PPI € constants'!E22 -> 0 | F22: ='3.1 - PPI € constants'!F22 -> 0 | G22: ='3.1 - PPI € constants'!G22 -> 0 | H22: ='3.1 - PPI € constants'!H22 -> 0 | I22: ='3.1 - PPI € constants'!I22 -> 0 | K22: ='3.1 - PPI € constants'!K22 -> 0 | L22: ='3.1 - PPI € constants'!L22 -> 0 | M22: ='3.1 - PPI € constants'!M22 -> 0 | N22: ='3.1 - PPI € constants'!N22 -> 0 | O22: ='3.1 - PPI € constants'!O22 -> 0
... C60: ='3.1 - PPI € constants'!C60 -> 0 | D60: ='3.1 - PPI € constants'!D60 -> 0 | E60: ='3.1 - PPI € constants'!E60 -> 0 | F60: ='3.1 - PPI € constants'!F60 -> 0 | G60: ='3.1 - PPI € constants'!G60 -> 0 | H60: ='3.1 - PPI € constants'!H60 -> 0 | I60: ='3.1 - PPI € constants'!I60 -> 0 | K60: ='3.1 - PPI € constants'!K60 -> 0 | L60: ='3.1 - PPI € constants'!L60 -> 0 | M60: ='3.1 - PPI € constants'!M60 -> 0 | N60: ='3.1 - PPI € constants'!N60 -> 0 | O60: ='3.1 - PPI € constants'!O60 -> 0

Sheet 4 - Plan de Financements
A1: =UPPER(MID(CELL("filename",A1),FIND("[",CELL("filename",A1))+1,FIND("]",CELL("filename",A1))-FIND("[",CELL("filename",A1))-5)) -> COPIE DE ANNEXE_VNF_CONCESSION.GRAND NARBONNE_FORMULAIRES.FINANCIERS.
A2: =UPPER(MID(CELL("filename",A2),FIND("]",CELL("filename",A2))+1,LEN(CELL("filename",A2)))) -> 4 - PLAN DE FINANCEMENTS
C5: Candidat soumissionnaire | D5: ='3.2 - PPI € courants'!D5 -> [à préciser]
C6: Offre | D6: ='3.2 - PPI € courants'!D6 -> [à préciser]
A8: 1. | B8: Plan de financements
C11: Modalité de financement | D11: Montant en EURO | E11: % TAEG (le cas échéant) | F11: Durée en Mois | G11: Date de tirage | H11: Date de début de remboursement (le cas échéant) | J11: TIRAGE DES FINANCEMENTS
J12: 2027 | K12: 2028 | L12: 2029 | M12: 2030 | N12: 2031 | O12: 2032 | P12: 2033 | Q12: 2034 | R12: 2035 | S12: 2036 | T12: 2037 | U12: 2038 | V12: 2039 | W12: 2040 | X12: 2041 | Y12: 2042 | Z12: 2043 | AA12: 2044 | AB12: 2045 | AC12: 2046 | AD12: 2047
C14: Apport(s) en Fonds propres | D14: =SUM(J14:T14) -> 0
C15: Crédit Relais Fonds Propres (CRFP) | D15: =SUM(J15:T15) -> 0
C16: Dette subordonnée d'actionnaires #1 | D16: =SUM(J16:T16) -> 0
C17: Dette subordonnée d'actionnaires #2 | D17: =SUM(J17:T17) -> 0
C18: Dette subordonnée d'actionnaires #3 | D18: =SUM(J18:T18) -> 0
C19: Dette subordonnée d'actionnaires #4 | D19: =SUM(J19:T19) -> 0
C20: Subvention d'investissement | D20: =SUM(J20:T20) -> 0
C21: Financement privé externe #1 | D21: =SUM(J21:T21) -> 0
C22: Financement privé externe #2 | D22: =SUM(J22:T22) -> 0
C23: Financement privé externe #3 | D23: =SUM(J23:T23) -> 0
C24: Financement privé externe #4 | D24: =SUM(J24:T24) -> 0
C25: Financement privé externe #5 | D25: =SUM(J25:T25) -> 0
... C29: Autre modalité #3 [à préciser] | D29: =SUM(J29:T29) -> 0
C31: Ratio annuel de couverture de la dette (DSCR)

Sheet 5 - Détail formulaires
A1: =UPPER(MID(CELL("filename",A1),FIND("[",CELL("filename",A1))+1,FIND("]",CELL("filename",A1))-FIND("[",CELL("filename",A1))-5)) -> COPIE DE ANNEXE_VNF_CONCESSION.GRAND NARBONNE_FORMULAIRES.FINANCIERS.
A2: =UPPER(MID(CELL("filename",A2),FIND("]",CELL("filename",A2))+1,LEN(CELL("filename",A2)))) -> 5 - DÉTAIL FORMULAIRES
B4: Le candidat soumissionnaire doit détailler pour chacun des onglets, les formules de calcul et/ou les sources utilisées.
B5: Toute modification des formules de calcul intégrées dans le template doit être documentée dans cet onglet.
C7: Candidat soumissionnaire | D7: ='4 - Plan de Financements'!D5 -> [à préciser]
C8: Offre | D8: ='4 - Plan de Financements'!D6 -> [à préciser]
A10: 1. | B10: Données d'activité
C12: Nom du champ/ou poste | D12: Onglet / N°Ligne | E12: Si lien, nom fichier source | F12: Si calcul, détail formule
A55: 2. | B55: Compte d'Exploitation prévisionnel
C57: Nom du champ/ou poste | D57: N°Ligne onglet | E57: Si lien, nom fichier source | F57: Si calcul, détail formule
A100: 3. | B100: Tableau Emplois / Ressources
C102: Nom du champ/ou poste | D102: N°Ligne onglet | E102: Si lien, nom fichier source | F102: Si calcul, détail formule
A135: 4. | B135: Plan Pluriannuel d'Investissement - EURO constants et courrants
C137: Nom du champ/ou poste | D137: N°Ligne onglet | E137: Si lien, nom fichier source | F137: Si calcul, détail formule
A180: 5. | B180: Plan de financements
C182: Nom du champ/ou poste | D182: N°Ligne onglet | E182: Si lien, nom fichier source | F182: Si calcul, détail formule

Sheet 6 - Flux Concédant
A1: =UPPER(MID(CELL("filename",A1),FIND("[",CELL("filename",A1))+1,FIND("]",CELL("filename",A1))-FIND("[",CELL("filename",A1))-5)) -> COPIE DE ANNEXE_VNF_CONCESSION.GRAND NARBONNE_FORMULAIRES.FINANCIERS.
A2: =UPPER(MID(CELL("filename",A2),FIND("]",CELL("filename",A2))+1,LEN(CELL("filename",A2)))) -> 6 - FLUX CONCÉDANT
C5: Candidat soumissionnaire | D5: ='5 - Détail formulaires'!D7 -> [à préciser]
C6: Offre | D6: ='5 - Détail formulaires'!D8 -> [à préciser]
A8: 1. | B8: Actualisation
I10: 1 | J10: 2 | K10: 3 | L10: 4 | M10: 5 | N10: 6 | O10: 7 | P10: 8 | Q10: 9 | R10: 10 | S10: 11 | T10: 12 | U10: 13 | V10: 14 | W10: 15 | X10: 16 | Y10: 17 | Z10: 18 | AA10: 19 | AB10: 20 | AC10: 21
I11: 2027 | J11: 2028 | K11: 2029 | L11: 2030 | M11: 2031 | N11: 2032 | O11: 2033 | P11: 2034 | Q11: 2035 | R11: 2036 | S11: 2037 | T11: 2038 | U11: 2039 | V11: 2040 | W11: 2041 | X11: 2042 | Y11: 2043 | Z11: 2044 | AA11: 2045 | AB11: 2046 | AC11: 2047
C13: Indice d'actualisation des flux à caractère fixe | D13: [a] | E13: 0 | I13: =1/(1+$E$13)^(I10-$I$10) -> 1 | J13: =1/(1+$E$13)^(J10-$I$10) -> 1 | K13: =1/(1+$E$13)^(K10-$I$10) -> 1 | L13: =1/(1+$E$13)^(L10-$I$10) -> 1 | M13: =1/(1+$E$13)^(M10-$I$10) -> 1 | N13: =1/(1+$E$13)^(N10-$I$10) -> 1 | O13: =1/(1+$E$13)^(O10-$I$10) -> 1 | P13: =1/(1+$E$13)^(P10-$I$10) -> 1 | ... AC13: =1/(1+$E$13)^(AC10-$I$10) -> 1
C14: Indice d'actualisation des flux à caractère variable | D14: [b] | E14: 0.06 | I14: =1/(1+$E$14)^(I10-$I$10) -> 1 | J14: =1/(1+$E$14)^(J10-$I$10) -> 0.94339623 | K14: =1/(1+$E$14)^(K10-$I$10) -> 0.88999644 | L14: =1/(1+$E$14)^(L10-$I$10) -> 0.83961928 | M14: =1/(1+$E$14)^(M10-$I$10) -> 0.79209366 | N14: =1/(1+$E$14)^(N10-$I$10) -> 0.74725817 | O14: =1/(1+$E$14)^(O10-$I$10) -> 0.70496054 | P14: =1/(1+$E$14)^(P10-$I$10) -> 0.66505711 | ... AC14: =1/(1+$E$14)^(AC10-$I$10) -> 0.31180473
A16: 2. | B16: Flux
I18: 1 | J18: 2 | K18: 3 | L18: 4 | M18: 5 | N18: 6 | O18: 7 | P18: 8 | Q18: 9 | R18: 10 | S18: 11 | T18: 12 | U18: 13 | V18: 14 | W18: 15 | X18: 16 | Y18: 17 | Z18: 18 | AA18: 19 | AB18: 20 | AC18: 21
G19: TOTAL | I19: 2027 | J19: 2028 | K19: 2029 | L19: 2030 | M19: 2031 | N19: 2032 | O19: 2033 | P19: 2034 | Q19: 2035 | R19: 2036 | S19: 2037 | T19: 2038 | U19: 2039 | V19: 2040 | W19: 2041 | X19: 2042 | Y19: 2043 | Z19: 2044 | AA19: 2045 | AB19: 2046 | AC19: 2047
C21: Redevance Fixe | G21: =SUM(I21:S21) -> 0
C22: Redevance Variable | G22: =SUM(I22:S22) -> 0
C23: Partage de la trésorerie | G23: =SUM(I23:S23) -> 0
C24: Flux 1 - à définir | G24: =SUM(I24:S24) -> 0
C25: Flux 2 - à définir | G25: =SUM(I25:S25) -> 0
C26: Flux 3 - à définir | G26: =SUM(I26:S26) -> 0
C27: Flux 4 - à définir | G27: =SUM(I27:S27) -> 0
A29: 3. | B29: Flux VNF actualisés
I31: 1 | J31: 2 | K31: 3 | L31: 4 | M31: 5 | N31: 6 | O31: 7 | P31: 8 | Q31: 9 | R31: 10 | S31: 11 | T31: 12 | U31: 13 | V31: 14 | W31: 15 | X31: 16 | Y31: 17 | Z31: 18 | AA31: 19 | AB31: 20 | AC31: 21
G32: TOTAL | I32: 2027 | J32: 2028 | K32: 2029 | L32: 2030 | M32: 2031 | N32: 2032 | O32: 2033 | P32: 2034 | Q32: 2035 | R32: 2036 | S32: 2037 | T32: 2038 | U32: 2039 | V32: 2040 | W32: 2041 | X32: 2042 | Y32: 2043 | Z32: 2044 | AA32: 2045 | AB32: 2046 | AC32: 2047
C34: Redevance Fixe | D34: [a] | E34: =INDEX($E$13:$E$14,MATCH(D34,$D$13:$D$14)) -> 0 | G34: =SUM(I34:S34) -> 0 | I34: =IF($D34="",0,I21*(INDEX(I$13:I$14,MATCH($D34,$D$13:$D$14,0)))) -> 0 | J34: =IF($D34="",0,J21*(INDEX(J$13:J$14,MATCH($D34,$D$13:$D$14,0)))) -> 0 | K34: =IF($D34="",0,K21*(INDEX(K$13:K$14,MATCH($D34,$D$13:$D$14,0)))) -> 0 | L34: =IF($D34="",0,L21*(INDEX(L$13:L$14,MATCH($D34,$D$13:$D$14,0)))) -> 0 | M34: =IF($D34="",0,M21*(INDEX(M$13:M$14,MATCH($D34,$D$13:$D$14,0)))) -> 0 | N34: =IF($D34="",0,N21*(INDEX(N$13:N$14,MATCH($D34,$D$13:$D$14,0)))) -> 0 | O34: =IF($D34="",0,O21*(INDEX(O$13:O$14,MATCH($D34,$D$13:$D$14,0)))) -> 0 | P34: =IF($D34="",0,P21*(INDEX(P$13:P$14,MATCH($D34,$D$13:$D$14,0)))) -> 0 | ... AC34: =IF($D34="",0,AC21*(INDEX(AC$13:AC$14,MATCH($D34,$D$13:$D$14,0)))) -> 0
C35: Redevance Variable | D35: [b] | E35: =INDEX($E$13:$E$14,MATCH(D35,$D$13:$D$14)) -> 0.06 | G35: =SUM(I35:S35) -> 0 | I35: =IF($D35="",0,I22*(INDEX(I$13:I$14,MATCH($D35,$D$13:$D$14,0)))) -> 0 | J35: =IF($D35="",0,J22*(INDEX(J$13:J$14,MATCH($D35,$D$13:$D$14,0)))) -> 0 | K35: =IF($D35="",0,K22*(INDEX(K$13:K$14,MATCH($D35,$D$13:$D$14,0)))) -> 0 | L35: =IF($D35="",0,L22*(INDEX(L$13:L$14,MATCH($D35,$D$13:$D$14,0)))) -> 0 | M35: =IF($D35="",0,M22*(INDEX(M$13:M$14,MATCH($D35,$D$13:$D$14,0)))) -> 0 | N35: =IF($D35="",0,N22*(INDEX(N$13:N$14,MATCH($D35,$D$13:$D$14,0)))) -> 0 | O35: =IF($D35="",0,O22*(INDEX(O$13:O$14,MATCH($D35,$D$13:$D$14,0)))) -> 0 | P35: =IF($D35="",0,P22*(INDEX(P$13:P$14,MATCH($D35,$D$13:$D$14,0)))) -> 0 | ... AC35: =IF($D35="",0,AC22*(INDEX(AC$13:AC$14,MATCH($D35,$D$13:$D$14,0)))) -> 0
C36: Partage de la trésorerie | D36: [b] | E36: =INDEX($E$13:$E$14,MATCH(D36,$D$13:$D$14)) -> 0.06 | G36: =SUM(I36:S36) -> 0 | I36: =IF($D36="",0,I23*(INDEX(I$13:I$14,MATCH($D36,$D$13:$D$14,0)))) -> 0 | J36: =IF($D36="",0,J23*(INDEX(J$13:J$14,MATCH($D36,$D$13:$D$14,0)))) -> 0 | K36: =IF($D36="",0,K23*(INDEX(K$13:K$14,MATCH($D36,$D$13:$D$14,0)))) -> 0 | L36: =IF($D36="",0,L23*(INDEX(L$13:L$14,MATCH($D36,$D$13:$D$14,0)))) -> 0 | M36: =IF($D36="",0,M23*(INDEX(M$13:M$14,MATCH($D36,$D$13:$D$14,0)))) -> 0 | N36: =IF($D36="",0,N23*(INDEX(N$13:N$14,MATCH($D36,$D$13:$D$14,0)))) -> 0 | O36: =IF($D36="",0,O23*(INDEX(O$13:O$14,MATCH($D36,$D$13:$D$14,0)))) -> 0 | P36: =IF($D36="",0,P23*(INDEX(P$13:P$14,MATCH($D36,$D$13:$D$14,0)))) -> 0 | ... AC36: =IF($D36="",0,AC23*(INDEX(AC$13:AC$14,MATCH($D36,$D$13:$D$14,0)))) -> 0
C37: Flux 1 - à définir | E37: =INDEX($E$13:$E$14,MATCH(D37,$D$13:$D$14)) -> #N/A | G37: =SUM(I37:S37) -> 0 | I37: =IF($D37="",0,I24*(INDEX(I$13:I$14,MATCH($D37,$D$13:$D$14,0)))) -> 0 | J37: =IF($D37="",0,J24*(INDEX(J$13:J$14,MATCH($D37,$D$13:$D$14,0)))) -> 0 | K37: =IF($D37="",0,K24*(INDEX(K$13:K$14,MATCH($D37,$D$13:$D$14,0)))) -> 0 | L37: =IF($D37="",0,L24*(INDEX(L$13:L$14,MATCH($D37,$D$13:$D$14,0)))) -> 0 | M37: =IF($D37="",0,M24*(INDEX(M$13:M$14,MATCH($D37,$D$13:$D$14,0)))) -> 0 | N37: =IF($D37="",0,N24*(INDEX(N$13:N$14,MATCH($D37,$D$13:$D$14,0)))) -> 0 | O37: =IF($D37="",0,O24*(INDEX(O$13:O$14,MATCH($D37,$D$13:$D$14,0)))) -> 0 | P37: =IF($D37="",0,P24*(INDEX(P$13:P$14,MATCH($D37,$D$13:$D$14,0)))) -> 0 | ... AC37: =IF($D37="",0,AC24*(INDEX(AC$13:AC$14,MATCH($D37,$D$13:$D$14,0)))) -> 0
C38: Flux 2 - à définir | E38: =INDEX($E$13:$E$14,MATCH(D38,$D$13:$D$14)) -> #N/A | G38: =SUM(I38:S38) -> 0 | I38: =IF($D38="",0,I25*(INDEX(I$13:I$14,MATCH($D38,$D$13:$D$14,0)))) -> 0 | J38: =IF($D38="",0,J25*(INDEX(J$13:J$14,MATCH($D38,$D$13:$D$14,0)))) -> 0 | K38: =IF($D38="",0,K25*(INDEX(K$13:K$14,MATCH($D38,$D$13:$D$14,0)))) -> 0 | L38: =IF($D38="",0,L25*(INDEX(L$13:L$14,MATCH($D38,$D$13:$D$14,0)))) -> 0 | M38: =IF($D38="",0,M25*(INDEX(M$13:M$14,MATCH($D38,$D$13:$D$14,0)))) -> 0 | N38: =IF($D38="",0,N25*(INDEX(N$13:N$14,MATCH($D38,$D$13:$D$14,0)))) -> 0 | O38: =IF($D38="",0,O25*(INDEX(O$13:O$14,MATCH($D38,$D$13:$D$14,0)))) -> 0 | P38: =IF($D38="",0,P25*(INDEX(P$13:P$14,MATCH($D38,$D$13:$D$14,0)))) -> 0 | ... AC38: =IF($D38="",0,AC25*(INDEX(AC$13:AC$14,MATCH($D38,$D$13:$D$14,0)))) -> 0
C39: Flux 3 - à définir | E39: =INDEX($E$13:$E$14,MATCH(D39,$D$13:$D$14)) -> #N/A | G39: =SUM(I39:S39) -> 0 | I39: =IF($D39="",0,I26*(INDEX(I$13:I$14,MATCH($D39,$D$13:$D$14,0)))) -> 0 | J39: =IF($D39="",0,J26*(INDEX(J$13:J$14,MATCH($D39,$D$13:$D$14,0)))) -> 0 | K39: =IF($D39="",0,K26*(INDEX(K$13:K$14,MATCH($D39,$D$13:$D$14,0)))) -> 0 | L39: =IF($D39="",0,L26*(INDEX(L$13:L$14,MATCH($D39,$D$13:$D$14,0)))) -> 0 | M39: =IF($D39="",0,M26*(INDEX(M$13:M$14,MATCH($D39,$D$13:$D$14,0)))) -> 0 | N39: =IF($D39="",0,N26*(INDEX(N$13:N$14,MATCH($D39,$D$13:$D$14,0)))) -> 0 | O39: =IF($D39="",0,O26*(INDEX(O$13:O$14,MATCH($D39,$D$13:$D$14,0)))) -> 0 | P39: =IF($D39="",0,P26*(INDEX(P$13:P$14,MATCH($D39,$D$13:$D$14,0)))) -> 0 | ... AC39: =IF($D39="",0,AC26*(INDEX(AC$13:AC$14,MATCH($D39,$D$13:$D$14,0)))) -> 0
C40: Flux 4 - à définir | E40: =INDEX($E$13:$E$14,MATCH(D40,$D$13:$D$14)) -> #N/A | G40: =SUM(I40:S40) -> 0 | I40: =IF($D40="",0,I27*(INDEX(I$13:I$14,MATCH($D40,$D$13:$D$14,0)))) -> 0 | J40: =IF($D40="",0,J27*(INDEX(J$13:J$14,MATCH($D40,$D$13:$D$14,0)))) -> 0 | K40: =IF($D40="",0,K27*(INDEX(K$13:K$14,MATCH($D40,$D$13:$D$14,0)))) -> 0 | L40: =IF($D40="",0,L27*(INDEX(L$13:L$14,MATCH($D40,$D$13:$D$14,0)))) -> 0 | M40: =IF($D40="",0,M27*(INDEX(M$13:M$14,MATCH($D40,$D$13:$D$14,0)))) -> 0 | N40: =IF($D40="",0,N27*(INDEX(N$13:N$14,MATCH($D40,$D$13:$D$14,0)))) -> 0 | O40: =IF($D40="",0,O27*(INDEX(O$13:O$14,MATCH($D40,$D$13:$D$14,0)))) -> 0 | P40: =IF($D40="",0,P27*(INDEX(P$13:P$14,MATCH($D40,$D$13:$D$14,0)))) -> 0 | ... AC40: =IF($D40="",0,AC27*(INDEX(AC$13:AC$14,MATCH($D40,$D$13:$D$14,0)))) -> 0
C42: TOTAL | G42: =SUM(G34:G40) -> 0 | I42: =SUM(I34:I40) -> 0 | J42: =SUM(J34:J40) -> 0 | K42: =SUM(K34:K40) -> 0 | L42: =SUM(L34:L40) -> 0 | M42: =SUM(M34:M40) -> 0 | N42: =SUM(N34:N40) -> 0 | O42: =SUM(O34:O40) -> 0 | P42: =SUM(P34:P40) -> 0 | ... AC42: =SUM(AC34:AC40) -> 0
